 Dungeon Crawl Stone Soup version 0.16.1-12-gf5c4a84 (webtiles) character file.

3810 karlm the Firebug (level 10, -11/87 HPs)
             Began as a Naga Wizard on Apr 10, 2015.
             Was a Priest of Vehumet.
             Killed from afar by BobbyTwoHands' ghost (30 damage)
             ... with a bolt of negative energy
             ... on level 8 of the Dungeon.
             The game lasted 00:48:32 (10307 turns).

karlm the Firebug (Naga Wizard)                    Turns: 10307, Time: 00:48:32

Health: -11/87     AC:  9    Str: 11    XL:     10   Next: 17%
Magic:  4/24       EV: 10    Int: 25    God:    Vehumet [***...]
Gold:   294        SH:  0    Dex:  9    Spells: 6 memorised, 8 levels left

rFire  . . .     SeeInvis +     K - +8 spear of Zerre {venom, Int+4}
rCold  . . .     Clarity  .     D - +2 robe {MR+}
rNeg   . . .     SustAb   +     (no shield)
rPois  +         Gourm    .     b - +0 hat
rElec  .         Spirit   .     e - +0 cloak
rCorr  .         Warding  .     I - +1 pair of gloves
rMut   .         Stasis   .     (no barding)
MR     +++..                    g - amulet of regeneration
Stlth  ++........               r - ring of sustain abilities
                                o - ring of protection from magic

@: about to teleport, heavily drained, very slow, extremely resistant to hostile
enchantments, unstealthy
A: spit poison, see invisible, deformed body, poison resistance, slowness 2, AC
+3
a: Spit Poison, Renounce Religion


You were on level 8 of the Dungeon.
You worshipped Vehumet.
Vehumet was most pleased with you.
You were not hungry.

You visited 2 branches of the dungeon, and saw 9 of its levels.
You also visited: Sewer and Ossuary.

You collected 406 gold pieces.
You spent 112 gold pieces at shops.

Inventory:

Hand weapons
 k - a +0 blowgun
 q - a +0 trident
 K - the +8 spear of Zerre (weapon) {venom, Int+4}
   (You took it off a centaur on level 7 of the Dungeon)

   It poisons the flesh of those it strikes.
   It affects your intelligence (+4).
Missiles
 j - 60 poisoned needles
 L - 3 throwing nets (quivered)
Armour
 b - a +0 hat (worn)
 e - a +0 cloak (worn)
 y - a +3 buckler
 D - a +2 robe of magic resistance (worn)
 I - a +1 pair of gloves (worn)
Jewellery
 g - an amulet of regeneration (around neck)
 n - an uncursed ring of protection from magic
 o - a ring of protection from magic (left hand)
 r - a ring of sustain abilities (right hand)
 E - an uncursed ring of fire
 Q - an uncursed amulet of stasis {unknown}
Magical devices
 J - a wand of flame (14)
 M - a wand of random effects (11)
Scrolls
 i - a scroll of teleportation
 p - 8 scrolls of identify
 s - 2 scrolls of enchant armour
 u - a scroll of magic mapping
 w - 3 scrolls of fear
 x - a scroll of blinking {unknown}
 B - 2 scrolls of immolation {unknown}
 C - a scroll of recharging {unknown}
 F - 2 scrolls of enchant weapon {unknown}
 H - a scroll of random uselessness {unknown}
 N - a scroll of fog
Potions
 f - a potion of cancellation {unknown}
 l - 2 potions of ambrosia {unknown}
 t - a potion of heal wounds {unknown}
 v - a potion of mutation {unknown}
 z - a potion of agility {unknown}
 A - 2 potions of resistance
 O - a potion of haste
Books
 c - a book of Minor Magic

   Spells                             Type                      Level
   a - Magic Dart                     Conjuration                  1
   b - Blink                          Translocation                2
   c - Call Imp                       Summoning                    2
   d - Repel Missiles                 Charms/Air                   2
   e - Slow                           Hexes                        2
   f - Conjure Flame                  Conjuration/Fire             3
   g - Mephitic Cloud                 Conjuration/Poison/Air       3
Comestibles
 a - 5 fruits
 d - 3 bread rations
 h - 7 meat rations
 G - 3 chunks of flesh


   Skills:
 + Level 4.4(2.7) Fighting
 + Level 4.1(2.5) Dodging
 - Level 3.0(1.3) Stealth
 + Level 3.7(2.0) Shields
 + Level 6.1(4.3) Spellcasting
 + Level 6.4(4.6) Conjurations
 - Level 1.0(0.0) Summonings
 - Level 1.0(0.0) Translocations
 * Level 7.9(6.0) Fire Magic


You had 8 spell levels left.
You knew the following spells:

 Your Spells              Type           Power        Failure   Level  Hunger
a - Magic Dart            Conj           ####         1%          1    None
b - Call Imp              Summ           #.......     14%         2    None
c - Conjure Flame         Conj/Fire      ####....     1%          3    ##.....
d - Mephitic Cloud        Conj/Pois/Air  ##......     4%          3    ##.....
e - Repel Missiles        Chrm/Air       #.....       14%         2    None
f - Blink                 Tloc           N/A          14%         2    None


Dungeon Overview and Level Annotations

Branches:
Dungeon (8/15)             Temple (1/1) D:4            Lair (0/8) D:8

Altars:
Ashenzari
Cheibriados
Dithmenos
Elyvilon
Fedhas
Gozag
Kikubaaqudgha
Makhleb
Nemelex Xobeh
Okawaru
Qazlal
Ru
Sif Muna
Trog
Vehumet
Xom
Yredelemnul
Zin
The Shining One

Shops:
D:4 [

Annotations:
D:2 Crazy Yiuf
D:3 Robin
D:4 Prince Ribbit
D:8 BobbyTwoHands' ghost, experienced DrCj


Innate Abilities, Weirdness & Mutations

You cannot wear boots.
You can spit poison.
Your serpentine skin is tough (AC +3).
You have supernaturally acute eyesight.
Armour fits poorly on your strangely shaped body.
Your system is resistant to poisons.
You cover ground very slowly.


Message History

BobbyTwoHands' ghost gestures at you while chanting.
The magic dart hits you!
* * * LOW HITPOINT WARNING * * *
Your magical contamination has completely faded away.
Read which item? (? for menu, Esc to quit)
As you read the scroll of teleportation, it crumbles to dust.
You feel strangely unstable. BobbyTwoHands' ghost hits you.
* * * LOW HITPOINT WARNING * * *
x2 Your crimson imp misses BobbyTwoHands' ghost. x2
Your crimson imp barely misses BobbyTwoHands' ghost.
Your crimson imp hits BobbyTwoHands' ghost but does no damage.
BobbyTwoHands' ghost hits your crimson imp!
Your crimson imp hits BobbyTwoHands' ghost but does no damage.
Your crimson imp completely misses BobbyTwoHands' ghost.
BobbyTwoHands' ghost is engulfed in roaring flames.
BobbyTwoHands' ghost breathes negative energy at you.
The bolt of negative energy hits the plant.
The plant completely resists.
The bolt of negative energy hits you!
You feel drained.
You die...

#...P..P......P...#
##....)...P..P....#
#..P..♣P.>.......#
##.P.........P...#
#...........*..P#
##.....P.P5P...#####
#.P......W5........
##.......P5.....###
....PPP...@........#
###.##.P.P.........##
#. ##...##........#
#......#####........
#####.# ....... #.#
....... #'# #....$.
... #.... . #..


You could see BobbyTwoHands' ghost and 3 friendly crimson imps.

Vanquished Creatures
  Joseph (D:7)
  Grinder (D:6)
  A basilisk (D:7)
  Edmund (D:7)
  3 porcupines
  A sky beast (D:3)
  An ice beast (D:5)
  6 ogres
  A phantom (D:7)
  A centaur (D:5)
  2 crocodiles
  Blork the orc (D:4)
  A giant frog (D:6)
  7 killer bees
  2 wights (D:7)
  A gnoll shaman (D:5)
  An orc priest (D:4)
  An iguana (D:4)
  3 orc wizards
  A worker ant (D:5)
  6 sheep (D:8)
  A hound skeleton (D:6)
  Terence (D:2)
  6 river rats
  A worker ant zombie (D:7)
  6 adders
  8 gnolls
  5 giant mites
  2 shadow imps
  4 worms
  An adder zombie (D:7)
  6 giant geckos
  21 orcs
  2 ball pythons (Sewer)
  5 bat skeletons
  2 bat zombies
  25 goblins
  11 hobgoblins
  3 jackals
  16 kobolds
  7 quokkas
  12 bats
  6 giant cockroaches
  A giant gecko skeleton (D:5)
  8 giant newts
  A gnoll zombie (Ossuary)
  A quokka zombie (D:5)
  8 rats
213 creatures vanquished.

Vanquished Creatures (collateral kills)
  A sky beast (D:6)
  A centaur (D:7)
  A phantom (D:6)
  2 ogres
  Sigmund (D:2)
  3 giant frogs
  2 jellies (D:6)
  A wight (D:6)
  A killer bee (D:6)
  A centaur skeleton (D:7)
  An orc wizard (D:3)
  A hound zombie (D:7)
  9 adders
  2 giant geckos (Sewer)
  An ooze (D:3)
  2 orcs
  2 bats (D:2)
  3 giant cockroaches
  A hobgoblin (D:2)
  2 jackals (D:5)
  A kobold (D:2)
  A giant cockroach zombie (D:5)
  2 giant newts (Sewer)
  A hobgoblin zombie (Ossuary)
  A jackal zombie (Ossuary)
44 creatures vanquished.

Vanquished Creatures (others)
  12 crimson imps
  A worker ant (D:8)
  4 shadow imps
  9 white imps
  A giant spore (D:8)
27 creatures vanquished.

Grand Total: 284 creatures vanquished

Notes
Turn   | Place    | Note
--------------------------------------------------------------
     0 | D:1      | karlm, the Naga Wizard, began the quest for the Orb.
     0 | D:1      | Reached XP level 1. HP: 15/15 MP: 4/4
   194 | D:1      | Reached XP level 2. HP: 22/22 MP: 4/6
   198 | D:1      | Learned a level 2 spell: Call Imp
   711 | D:2      | Reached XP level 3. HP: 26/28 MP: 2/8
  1184 | D:2      | Reached XP level 4. HP: 36/36 MP: 1/10
  1189 | D:2      | Learned a level 3 spell: Conjure Flame
  1193 | D:2      | Learned a level 3 spell: Mephitic Cloud
  1475 | D:2      | Reached skill level 1 in Fire Magic
  1646 | D:2      | Noticed Sigmund
  1706 | D:2      | Killed Sigmund
  1706 | D:2      | Reached XP level 5. HP: 42/42 MP: 8/12
  1715 | D:2      | Noticed Terence
  1723 | D:2      | Killed Terence
  1863 | D:2      | Noticed Crazy Yiuf
  2620 | D:3      | Noticed an ogre
  2633 | D:3      | Killed an ogre
  2633 | D:3      | Reached skill level 4 in Spellcasting
  2633 | D:3      | Reached XP level 6. HP: 49/49 MP: 0/15
  2835 | D:3      | Noticed Robin
  2856 | D:3      | Noticed a sky beast
  2864 | D:3      | Killed a sky beast
  3557 | D:4      | Noticed Prince Ribbit
  3785 | D:4      | Reached XP level 7. HP: 50/55 MP: 6/17
  3986 | D:4      | Found Iniet's Antique Armour Shop.
  4043 | D:4      | Bought a runed buckler for 112 gold pieces
  4098 | D:4      | Found a white marble altar of Elyvilon.
  4176 | D:4      | Found a staircase to the Ecumenical Temple.
  4216 | Temple   | Entered the Ecumenical Temple
  4465 | Temple   | Became a worshipper of Vehumet
  4552 | D:4      | Noticed Blork the orc
  4570 | D:4      | Killed Blork the orc
  4731 | D:5      | Entered Level 5 of the Dungeon
  4841 | D:5      | Found a sand-covered staircase.
  4852 | Ossuary  | Entered an ossuary
  4891 | D:5      | Reached skill level 1 in Fighting
  5100 | D:5      | Learned a level 2 spell: Repel Missiles
  5192 | D:5      | Reached skill level 1 in Shields
  5502 | D:5      | Reached XP level 8. HP: 64/64 MP: 9/19
  5638 | D:5      | Acquired Vehumet's first power
  5638 | D:5      | Offered knowledge of Sandblast by Vehumet.
  5841 | D:5      | Reached skill level 5 in Fire Magic
  6044 | D:5      | Reached skill level 5 in Spellcasting
  6194 | D:6      | Found a glowing drain.
  6228 | Sewer    | Entered a sewer
  6808 | D:6      | Found a sacrificial altar of Ru.
  6838 | D:6      | Reached skill level 5 in Conjurations
  6873 | D:6      | Found an ancient bone altar of Kikubaaqudgha.
  6904 | D:6      | Offered knowledge of Sting by Vehumet.
  6976 | D:6      | Noticed Grinder
  7126 | D:6      | Reached skill level 6 in Fire Magic
  7182 | D:6      | Killed Grinder
  7388 | D:6      | Reached XP level 9. HP: 74/74 MP: 12/21
  7489 | D:6      | Found a shimmering altar of Xom.
  7574 | D:6      | Found a snail-covered altar of Cheibriados.
  8241 | D:6      | Learned a level 2 spell: Blink
  8265 | D:7      | Got an encrusted spear {venom}
  8309 | D:7      | Identified the +8 spear of Zerre {venom, Int+4} (You took it off a centaur on level 7 of the Dungeon)
  9275 | D:7      | Noticed Edmund
  9289 | D:7      | Killed Edmund
  9289 | D:7      | Reached skill level 7 in Fire Magic
  9710 | D:7      | Found a shattered altar of Ashenzari.
  9714 | D:7      | Noticed Joseph
  9736 | D:7      | Killed Joseph
  9857 | D:8      | Found a staircase to the Lair.
  9861 | D:8      | Offered knowledge of Stone Arrow by Vehumet.
  9863 | D:8      | Reached XP level 10. HP: 86/86 MP: 23/23
 10064 | D:8      | Acquired Vehumet's second power
 10235 | D:8      | Found a glowing golden altar of the Shining One.
 10279 | D:8      | Noticed BobbyTwoHands' ghost (experienced DrCj)
 10307 | D:8      | Killed from afar by BobbyTwoHands' ghost

Action                   |  1- 3 |  4- 6 |  7- 9 | 10-12 || total
-------------------------+-------+-------+-------+-------++-------
Melee: Whip              |    12 |       |       |       ||    12
       Spear             |       |     3 |    72 |    58 ||   133
       Trident           |       |    19 |    44 |       ||    63
 Fire: Blowgun           |       |       |    47 |       ||    47
 Cast: Magic Dart        |    32 |    76 |   257 |    11 ||   376
       Call Imp          |     8 |    23 |    85 |     4 ||   120
       Conjure Flame     |       |     5 |    33 |     2 ||    40
       Repel Missiles    |       |       |     1 |       ||     1
 Abil: Spit Poison       |    23 |    40 |    54 |     1 ||   118
  Use: Scroll            |       |       |    10 |     1 ||    11
       Potion            |       |       |     1 |     1 ||     2
 Stab: Sleeping          |       |       |     2 |       ||     2
       Distracted        |       |       |     1 |       ||     1
  Eat: Chunk             |     3 |    11 |    24 |     3 ||    41
       Pizza             |       |       |     1 |       ||     1
       Beef jerky        |       |       |     1 |       ||     1
